 Dungeon Crawl Stone Soup version 0.29.1-1-gd02db6906a (webtiles) character file.

Game seed: 13851327007723781751

184 tardwrangler69 the Grave Robber (level 5, -1/28 HPs)
             Began as a Vampire Necromancer on Oct 7, 2022.
             Slain by a necrophage (4 damage)
             ... on level 3 of the Dungeon.
             The game lasted 00:04:34 (2600 turns).

tardwrangler69 the Grave Robber (VpNe)              Turns: 2600, Time: 00:04:34

Health: -1/28      AC:  2    Str:  7    XL:     5   Next: 36%
Magic:  10/10      EV: 12    Int: 19    God:
Gold:   197        SH:  0    Dex: 15    Spells: 7/11 levels left

rFire   . . .      SeeInvis +   f - +0 dagger
rCold   + + .      Faith    .   (no shield)
rNeg    + + +      Spirit   .   a - +0 robe
rPois   ∞          Reflect  .   (no helmet)
rElec   .          Harm     .   (no cloak)
rCorr   .          Rampage  .   (no gloves)
Will    .....                   (no boots)
Stlth   ++++......              (no amulet)
HPRegen 0.00/turn               (no ring)
MPRegen 0.12/turn               (no ring)

@: bloodless, inhibited regen
A: bloodless, fangs 3, see invisible, vampiric 2
a: Bat Form, Revivify


You were on level 3 of the Dungeon.
You visited 1 branch of the dungeon, and saw 3 of its levels.

You collected 197 gold pieces.

Inventory:

Hand Weapons
 f - a +0 dagger (weapon)
Armour
 a - a +0 robe (worn)
Scrolls
 e - a scroll of poison {unknown}
 g - a scroll of torment {unknown}
 h - 2 scrolls of fog {unknown}
 k - 3 scrolls of silence {unknown}
 l - a scroll of enchant armour {unknown}
 n - 3 scrolls of identify {unknown}
Potions
 b - a potion of magic
 c - 2 potions of cancellation {unknown}
 d - 2 potions of degeneration {unknown}
 i - a potion of might {unknown}
 j - a potion of heal wounds {unknown}
 m - a potion of mutation {unknown}
 o - a potion of invisibility {unknown}


   Skills:
 - Level 2.1 Dodging
 - Level 3.0 Stealth
 + Level 3.9 Spellcasting
 + Level 6.0 Necromancy


You had 7 spell levels left.
You knew the following spells:

 Your Spells              Type           Power      Damage    Failure   Level
a - Necrotise             Necr           100%       1d9       1%          1
b - Vampiric Draining     Necr           26%        2d7       3%          3

Your spell library contained the following spells:

 Spells                   Type           Power      Damage    Failure   Level
 Animate Dead             Necr           26%        N/A       12%         4
 Ensorcelled Hibernation  Hex/Ice        6%         N/A       22%         2
 Passwall                 Tmut/Erth      2%         N/A       22%         2
 Agony                    Necr           26%        N/A       32%         5
 Ignite Poison            Fire/Tmut/Pois 3%         N/A       38%         3
 Mephitic Cloud           Conj/Pois/Air  3%         N/A       38%         3
 Swiftness                Air            3%         N/A       38%         3
 Passage of Golubria      Tloc           3%         N/A       80%         4
 Freezing Cloud           Conj/Ice/Air   1%         6-21      98%         5
 Silence                  Hex/Air        1%         N/A       98%         5
 Lehudib's Crystal Spear  Conj/Erth      1%         10d2      100%        8


Dungeon Overview and Level Annotations

Branches:
Dungeon (3/15)

Altars:


Innate Abilities, Weirdness & Mutations

You do not regenerate when monsters are visible.
You are frail without blood (-20% HP).
You can heal yourself when you bite living creatures.
You are immune to poison.
You have razor-sharp teeth.
You have supernaturally acute eyesight. (SInv)
You are afflicted with vampirism and can become a bat while bloodless.


Message History

Casting: Necrotise (safe; 1% risk of failure)
Confirm with . or Enter, or press ? or * to list all spells.
Aiming: Necrotise (safe; 1% risk of failure)
Press: ? - help, Shift-Dir - straight line, f - you That beam is likely to hit you.
Continue anyway? [Y]es or [N]o only, please.
That beam is likely to hit you.
Continue anyway?
Okay, then.
Unknown command.
Casting: Necrotise (safe; 1% risk of failure)
Confirm with . or Enter, or press ? or * to list all spells.
Okay, then.
Unknown command.
Casting: Necrotise (safe; 1% risk of failure)
Confirm with . or Enter, or press ? or * to list all spells.
You can't see any susceptible monsters within range! (Use Z to cast anyway.) Unknown command.
Unknown command.
You closely miss the necrophage. Your bite misses the necrophage.
The necrophage is lightly damaged.
The necrophage barely misses you.
You hit the necrophage but do no damage.
The necrophage is lightly damaged.
The necrophage hits you.
* * * LOW HITPOINT WARNING * * *
You hit the necrophage.
The necrophage is lightly damaged.
The necrophage misses you.
You barely miss the necrophage.
The necrophage is lightly damaged.
The necrophage hits you.
* * * LOW HITPOINT WARNING * * *
The necrophage attacks as you move away!
The necrophage hits you but does no damage.
The necrophage attacks as you move away!
The necrophage closely misses you.
You see here a staff of conjuration.
The necrophage attacks as you move away!
The necrophage hits you.
You die...

#.###.# #.....# .. #
##....###########.....# #
#..............##.....#####
#.#............##.........#
#######.#....................##..
...##......#......#..............
...##.#.####......#..............
...##.#........n@.#..............
...##.###.##...|..#..............
...##.....#....####..............
......#####....##............#)#.
#.....#####....#.............#.#.
...............#.............#)..
...............#..[..........#)#.
...............#.............#<#.
...##........###.............'.#.


You could see a necrophage.

Vanquished Creatures
  2 orc priests
  Jessica (D:2)
  An iguana (D:2)
  3 adders (D:2)
  A worm (D:2)
  A dart slug (D:2)
  5 orcs
  2 bats
  4 endoplasms
  2 giant cockroaches (D:1)
  5 goblins
  3 hobgoblins
  2 ball pythons
  3 frilled lizards
  2 kobolds (D:1)
  2 rats
39 creatures vanquished.

Vanquished Creatures (collateral kills)
  An endoplasm (D:2)
  A frilled lizard (D:3)
2 creatures vanquished.

Grand Total: 41 creatures vanquished

Notes
Turn   | Place    | Note
-------+----------+-------------------------------------------
     0 | D:1      | tardwrangler69 the Vampire Necromancer began the quest for
                  | the Orb.
     0 | D:1      | Reached XP level 1. HP: 13/13 MP: 3/3
   251 | D:1      | Reached XP level 2. HP: 19/19 MP: 1/5
   416 | D:1      | Found a faded altar of an unknown god.
  1001 | D:2      | Reached skill level 5 in Necromancy
  1001 | D:2      | Gained mutation: You are afflicted with vampirism and can
                  | become a bat while bloodless. [Vampire growth]
  1001 | D:2      | Reached XP level 3. HP: 24/24 MP: 2/7
  1170 | D:2      | Reached XP level 4. HP: 23/30 MP: 2/8
  1317 | D:2      | Noticed Jessica
  1321 | D:2      | Killed Jessica
  1702 | D:2      | Reached XP level 5. HP: 35/35 MP: 6/10
  2390 | D:3      | Reached skill level 6 in Necromancy
  2567 | D:3      | Learned a level 3 spell: Vampiric Draining
  2600 | D:3      | Slain by a necrophage

Illustrated notes

Levels and vault maps discovered:
D:1:      lightli_arrival_maybe_door_vault, layout_loops_ring,
          shapermc_ecumenical_altar_petra
D:2:      layout_loops_ring, uniq_jessica
D:3:      layout_basic, dk_yredelemnul_ordeal, minmay_randomly_rotated_circles

Skill      XL: |  1  2  3  4  5 |
---------------+----------------+-----
Necromancy     | 5 6 |  6.0
Spellcasting   | 3 |  3.9
Dodging        | |  2.1
Stealth        | |  3.0

Action                   |  1- 3 |  4- 6 || total
-------------------------+-------+-------++-------
Melee: Unarmed           |     6 |    12 ||    18
       Bite              |       |     1 ||     1
       Dagger            |       |    13 ||    13
 Cast: Necrotise         |    40 |    47 ||    87
 Abil: Exsanguinate      |       |     1 ||     1
Armor: Robe              |     2 |     8 ||    10
Dodge: Dodged            |    12 |    33 ||    45
